 Dungeon Crawl Stone Soup version 0.30-a0-54-g2e61a25929 (webtiles) character file.

Game seed: 5106957006307427715

16 MrFrogsmire the Covered (level 2, -5/23 HPs)
             Began as a Meteoran Wanderer on Sept 8, 2022.
             Slain by a worm (7 damage)
             ... on level 2 of the Dungeon.
             The game lasted 00:01:59 (242 turns).

MrFrogsmire the Covered (Meteoran Wanderer)          Turns: 242, Time: 00:01:59

Health: -5/23      AC:  6    Str: 15    XL:     2   Next: 94%
Magic:  5/5        EV:  9    Int:  9    God:
Gold:   102        SH:  0    Dex: 15    Spells: 3/3 levels left

rFire   . . .      SeeInvis .    b - +0 hand axe
rCold   . . .      Faith    .    (no shield)
rNeg    . . .      Spirit   .    c - +0 scale mail
rPois   .          Reflect  .    (no helmet)
rElec   .          Harm     .    (no cloak)
rCorr   .          Rampage  .    (no gloves)
Will    .....                    (no boots)
Stlth   ..........               e - amulet of the acrobat
HPRegen 0.07/turn                (no ring)
MPRegen 0.09/turn                (no ring)

@: glowing
A: sense surroundings 1, otherworldly, glowing, explore regen
a: no special abilities


You were on level 2 of the Dungeon.
You visited 1 branch of the dungeon, and saw 2 of its levels.

You collected 102 gold pieces.

Inventory:

Hand Weapons
 a - a +0 shortbow
 b - a +0 hand axe (weapon)
Armour
 c - a +0 scale mail (worn)
Jewellery
 e - an amulet of the acrobat (around neck)
Scrolls
 h - a scroll of identify {unknown}
Potions
 d - a potion of lignification
 f - a potion of cancellation {unknown}
 g - a potion of mutation {unknown}
 i - 2 potions of curing {unknown}


   Skills:
 + Level 1.2 Fighting
 + Level 1.2 Axes
 + Level 2.8 Ranged Weapons
 + Level 3.0 Armour
 + Level 1.3 Dodging
 + Level 1.0 Stealth
 + Level 1.3 Spellcasting
 + Level 1.2 Invocations


You had 3 spell levels left.
You didn't know any spells.
Your spell library was empty.

Dungeon Overview and Level Annotations

Branches:
Dungeon (2/15) Zot: 926

Altars:


Innate Abilities, Weirdness & Mutations

You passively map a small area around you.
You are easily found by Zot.
You glow in the dark.
You regain HP and MP as you explore.


Message History

You see here a +0 dagger.
Found an escape hatch in the ceiling.
A worm comes into view.
You shoot an arrow. The arrow hits the worm.
The worm is lightly wounded.
You shoot an arrow. The arrow barely misses the worm.
You shoot an arrow. The arrow hits the worm!
The worm is heavily wounded.
No target in view!
No target in view!
You shoot an arrow. The arrow barely misses the worm.
You shoot an arrow. The arrow hits the worm!
The worm is almost dead.
The worm bites you.
You shoot an arrow. The arrow barely misses the worm.
The worm bites you!
You are too injured to fight recklessly!
You are too injured to fight recklessly!
You are too injured to fight recklessly!
You are too injured to fight recklessly!
You are too injured to fight recklessly!
You are too injured to fight recklessly!
You are too injured to fight recklessly!
You are too injured to fight recklessly!
You are too injured to fight recklessly!
You are too injured to fight recklessly!
b - a +0 hand axe (weapon)
You hit the worm but do no damage.
The worm is severely wounded.
The worm bites you!
* * * LOW HITPOINT WARNING * * *
You hit the worm.
The worm is severely wounded.
The worm bites you!
You die...

#.#.##.# *
#)#... , ,
#)#.## #
#....#.###
#......... ###
#.)..#.### *,*
##.###.#.## #
#.####<.....#.#
,
#......@....#.#
*
#######w#####.#
* * #... ,,,.#,
* , #..## .# *
*#..# .# *, ,
.... , * ##..#
* ** #..# , ,,
,


You could see a worm.

Vanquished Creatures
  A dart slug (D:1)
  An endoplasm (D:1)
  A giant cockroach (D:1)
  A goblin (D:1)
  3 hobgoblins (D:1)
  3 kobolds (D:2)
  A bat (D:1)
  A frilled lizard (D:1)
  A rat (D:1)
13 creatures vanquished.

Notes
Turn   | Place    | Note
-------+----------+-------------------------------------------
     0 | D:1      | MrFrogsmire the Meteoran Wanderer began the quest for the
                  | Orb.
     0 | D:1      | MrFrogsmire set off with the following items: a +0
                  | shortbow, a +0 hand axe, a +0 scale mail, a potion of
                  | lignification.
     0 | D:1      | Reached XP level 1. HP: 16/16 MP: 3/3
    29 | D:1      | Reached XP level 2. HP: 23/23 MP: 5/5
    62 | D:1      | Reached skill level 3 in Armour
   242 | D:2      | Slain by a worm

Illustrated notes

Levels and vault maps discovered:
D:1:      dpeg_arrival_long_road, layout_rooms
D:2:      layout_loops_ring, minmay_misc_feat_cross, uniq_crazy_yiuf_cottage

Skill      XL: |  1  2 |
---------------+-------+-----
Armour         | 3 |  3.0
Fighting       | |  1.2
Axes           | |  1.2
Ranged Weapons | |  2.8
Dodging        | |  1.3
Stealth        | |  1.0
Spellcasting   | |  1.3
Invocations    | |  1.2

Action                   || total
-------------------------++-------
Melee: Hand axe          ||     2
 Fire: Shortbow          ||    53
Armor: Scale mail        ||    29
Dodge: Dodged            ||    14

Table legend: (Time is in decaauts)
 A = Elapsed time spent in this place.
 B = Non-inter-level travel time spent in this place.
 C = Inter-level travel time spent in this place.
 D = Time resting spent in this place.
 E = Time spent auto-exploring this place.
 F = Levels seen in this place.
 G = Mean time per level.
                   A        B        C        D        E       F      G
               +--------+--------+--------+--------+--------+-----+--------+
         Total |    272 |    119 |    153 |      0 |      0 |   2 |  136.0 |
       Dungeon |    272 |    119 |    153 |      0 |      0 |   2 |  136.0 |
               +--------+--------+--------+--------+--------+-----+--------+

Top non-repeatable levels by time:
     D:1: 237 daAuts
     D:2: 34 daAuts
